 Dungeon Crawl Stone Soup version 0.24.1-14-gf8d2b509d9 (webtiles) character file.

Game seed: 960777828201079094, levelgen mode: deterministic

746977 mortelune the Sensei (level 27, -19/352 HPs)
             Began as a Naga Transmuter on May 23, 2020.
             Was the Champion of Cheibriados.
             Demolished by an Orb Guardian (33 damage)
             ... on level 5 of the Realm of Zot.
             The game lasted 04:50:56 (95968 turns).

mortelune the Sensei (Naga Transmuter)             Turns: 95968, Time: 04:50:56

Health: -19/352    AC: 31    Str: 34    XL:     27
Magic:  3/42       EV: 34    Int: 44    God:    Cheibriados [******]
Gold:   6297       SH: 10    Dex: 28    Spells: 7/57 levels left

rFire    + + +     SeeInvis +     - Unarmed
rCold    + + +     Gourm    .   q - +0 buckler
rNeg     + . .     Faith    .   (armour currently unavailable)
rPois    ∞         Spirit   .   (no helmet)
rElec    +         Reflect  +   w - +1 cloak of Starlight {rElec rC+ EV+4 Stlth--}
rCorr    .         Harm     .   (gloves currently unavailable)
MR       +++..                  (no barding)
Stlth    ..........             A - +4 amulet of reflection
HPRegen  0.68/turn              I - ring of the Salamander {*Contam rF+ rC++ EV+1 Str+8}
MPRegen  0.28/turn              F - ring "Vaadyxt" {rF+ EV+4 Int+4}

@: about to teleport, statue-form, corroded, studying Necromancy, very slow
A: large, see invisible, deformed body, fire resistance 1, mutation resistance
1, sense surroundings 1, poison resistance, screaming 1, slow metabolism 1, spit
poison 1, weak 1, constrict 1, AC +9
}: 5/15 runes: decaying, slimy, silver, abyssal, gossamer
a: Spit Poison, End Transformation, Bend Time, Temporal Distortion, Slouch, Step
From Time, Renounce Religion


You were on level 5 of the Realm of Zot.
You worshipped Cheibriados.
Cheibriados was exalted by your worship.
You were near starving.
You were a stone statue.
You visited 12 branches of the dungeon, and saw 58 of its levels.
You visited the Abyss 1 time.
You also visited: Trove, Bailey, Gauntlet, Ice Cave and Volcano.

You collected 9578 gold pieces.
You spent 3281 gold pieces at shops.

Inventory:

Missiles
 c - 1267 arrows
 U - 20 silver javelins (quivered)
Armour
 l - a +0 naga barding (melded)
 q - a +0 buckler (worn)
 w - the +1 cloak of Starlight (worn) {rElec rC+ EV+4 Stlth--}
   (You found it on level 3 of the Elven Halls)

   It affects your evasion (+4).
   It protects you from cold.
   It insulates you from electricity.
   It makes you much less stealthy.
 y - +0 gold dragon scales
 L - the +2 pair of gloves "Qiusykym" (melded) {Str+7}
   (You found it on level 3 of the Elven Halls)

   It affects your strength (+7).
 Y - the +5 scale mail of Resonance (melded) {rElec rF+}
   (You found it on level 2 of the Lair of Beasts)

   It protects you from fire.
   It insulates you from electricity.
 Z - a scarf of repulsion
Jewellery
 x - the ring "Xakih" {Wiz rF+ MR+}
   (You took it off a crimson imp in a Gauntlet)

   [ring of wizardry]

   It improves your spell success rate.
   It protects you from fire.
   It affects your resistance to hostile enchantments.
 A - a +4 amulet of reflection (around neck)
 C - an uncursed ring of resist corrosion
 F - the ring "Vaadyxt" (right hand) {rF+ EV+4 Int+4}
   (You took it off a deep elf mage on level 3 of the Elven Halls)

   [ring of evasion]

   It affects your evasion (+4).
   It affects your intelligence (+4).
   It protects you from fire.
 I - the ring of the Salamander (left hand) {*Contam rF+ rC++ EV+1 Str+8}
   (You found it on level 3 of the Crypt)

   [ring of evasion]

   It affects your evasion (+1).
   It affects your strength (+8).
   It protects you from fire.
   It greatly protects you from cold.
   It causes magical contamination when unequipped.
 V - the amulet "Dibemerch" {Faith rPois rF+ rN+ Str+3}
   (You took it off a deep elf archer on level 5 of the Vaults)

   [amulet of faith]

   It allows you to gain divine favour quickly.
   It affects your strength (+3).
   It protects you from fire.
   It protects you from poison.
   It protects you from negative energy.
Wands
 d - a wand of disintegration (29)
 v - a wand of paralysis (5)
 D - a wand of digging (36)
 S - a wand of iceblast (36)
 T - a wand of acid (84)
 X - a wand of clouds (9)
Scrolls
 a - a scroll of summoning
 e - 8 scrolls of fear
 f - 6 scrolls of fog
 h - 6 scrolls of immolation
 i - 7 scrolls of identify
 j - 4 scrolls of amnesia
 m - 5 scrolls of magic mapping
 t - 9 scrolls of teleportation
 B - 5 scrolls of blinking
 G - 5 scrolls of enchant armour
 H - 6 scrolls of silence
 O - 3 scrolls of holy word
 Q - 27 scrolls of remove curse
Potions
 b - 4 potions of might
 g - 10 potions of brilliance
 k - 30 potions of curing
 n - 7 potions of flight
 o - 7 potions of mutation
 p - 6 potions of invisibility
 r - 4 potions of heal wounds
 u - 7 potions of agility
 K - 6 potions of magic
 W - a potion of resistance
Books
 s - a manual of Necromancy
Miscellaneous
 z - a crystal ball of energy
 E - 6 sacks of spiders
 P - 6 phantom mirrors
Comestibles
 J - 73 rations


   Skills:
 + Level 20.4 Fighting
 - Level 11.2 Armour
 + Level 15.2 Dodging
 - Level 2.4 Shields
 + Level 25.2 Unarmed Combat
 + Level 15.5 Spellcasting
 - Level 9.2 Summonings
 - Level 7.0 Necromancy
 - Level 18.0 Translocations
 - Level 10.0 Transmutations
 - Level 1.1 Ice Magic
 + Level 19.8 Earth Magic
 - Level 14.0 Invocations
 + Level 10.5 Evocations


You had 7 spell levels left.
You knew the following spells:

 Your Spells              Type           Power        Failure   Level  Hunger
a - Statue Form           Tmut/Erth      ########.    1%          6    None
b - Sticks to Snakes      Tmut           #######.     1%          2    None
c - Malign Gateway        Summ/Tloc      ########..   2%          7    #......
d - Ice Form              Ice/Tmut       ######..     1%          4    None
e - Blade Hands           Tmut           #######...   1%          5    None
f - Regeneration          Chrm/Necr      ######....   1%          3    None
g - Apportation           Tloc           ######       0%          1    None
q - Lee's Rapid Deconstr  Erth           ########..   0%          5    None
s - Animate Dead          Necr           N/A          1%          4    None
w - Shroud of Golubria    Chrm/Tloc      ######       1%          2    None
x - Controlled Blink      Tloc           N/A          3%          8    ####...
z - Stone Arrow           Conj/Erth      ######       1%          3    None

Your spell library contained the following spells:

 Spells                   Type           Power        Failure   Level  Hunger
 Beastly Appendage        Tmut           ######       0%          1    None
 Sandblast                Erth           ######       0%          1    None
 Blink                    Tloc           N/A          0%          2    None
 Passwall                 Tmut/Erth      ########     0%          2    None
 Gell's Gravitas          Tloc           ########..   0%          3    None
 Lesser Beckoning         Tloc           ########..   0%          3    None
 Recall                   Summ/Tloc      N/A          0%          3    None
 Teleport Other           Tloc           ########     0%          3    None
 Passage of Golubria      Tloc           N/A          0%          4    None
 Petrify                  Tmut/Erth      ########     0%          4    None
 Animate Skeleton         Necr           N/A          1%          1    None
 Confusing Touch          Hex            ####..       1%          1    None
 Corona                   Hex            ####...      1%          1    None
 Flame Tongue             Conj/Fire      ####.        1%          1    None
 Freeze                   Ice            ####         1%          1    None
 Infusion                 Chrm           ####         1%          1    None
 Magic Dart               Conj           ####         1%          1    None
 Pain                     Necr           ####         1%          1    None
 Shock                    Conj/Air       ####         1%          1    None
 Summon Butterflies       Summ           #######.     1%          1    None
 Summon Small Mammal      Summ           ####         1%          1    None
 Call Imp                 Summ           #######.     1%          2    None
 Corpse Rot               Necr           N/A          1%          2    None
 Ensorcelled Hibernation  Hex/Ice        #####.       1%          2    None
 Poisonous Vapours        Pois/Air       ####..       1%          2    None
 Slow                     Hex            ####....     1%          2    None
 Song of Slaying          Chrm           ####....     1%          2    None
 Sublimation of Blood     Necr           #######...   1%          2    None
 Swiftness                Chrm/Air       ####....     1%          2    None
 Call Canine Familiar     Summ           #######.     1%          3    None
 Ignite Poison            Fire/Tmut/Pois ######..     1%          3    None
 Ozocubu's Armour         Chrm/Ice       #####...     1%          3    None
 Portal Projectile        Hex/Tloc       ######       1%          3    None
 Spider Form              Tmut/Pois      ######....   1%          3    None
 Summon Guardian Golem    Hex/Summ       ######..     1%          3    None
 Vampiric Draining        Necr           #######...   1%          3    None
 Force Lance              Conj/Tloc      #######.     1%          4    None
 Leda's Liquefaction      Hex/Erth       #######...   1%          4    None
 Summon Ice Beast         Ice/Summ       ######..     1%          4    None
 Summon Lightning Spire   Summ/Air       ######..     1%          4    None
 Aura of Abjuration       Summ           #######...   1%          5    None
 Bolt of Magma            Conj/Fire/Erth #######...   1%          5    None
 Borgnjor's Vile Clutch   Necr/Erth      ########..   1%          5    None
 Dispel Undead            Necr           #######.     1%          5    None
 Summon Forest            Summ/Tloc      ########..   1%          5    None
 Dispersal                Tloc           ########..   1%          6    None
 Hydra Form               Tmut           #######...   1%          6    None
 Iron Shot                Conj/Erth      #######...   1%          6    None
 Confuse                  Hex            ####....     2%          3    None
 Conjure Flame            Conj/Fire      ####....     2%          3    None
 Dazzling Spray           Conj/Hex       ####..       2%          3    None
 Inner Flame              Hex/Fire       ####....     2%          3    None
 Mephitic Cloud           Conj/Pois/Air  ####....     2%          3    None
 Spectral Weapon          Hex/Chrm       ####....     2%          3    None
 Static Discharge         Conj/Air       ####....     2%          3    None
 Tukima's Dance           Hex            ####....     2%          3    None
 Alistair's Intoxication  Tmut/Pois      ######..     2%          5    None
 Irradiate                Conj/Tmut      ######....   2%          5    None
 Yara's Violent Unravell  Hex/Tmut       ######....   2%          5    None
 Shadow Creatures         Summ           N/A          2%          6    None
 Summon Mana Viper        Hex/Summ       ######..     3%          5    None
 Throw Icicle             Conj/Ice       #####...     6%          4    None
 Death Channel            Necr           #######...   7%          6    None
 Airstrike                Air            ####......   8%          4    None
 Cause Fear               Hex            ####......   8%          4    None
 Dragon Form              Tmut           #######...   11%         7    #......
 Monstrous Menagerie      Summ           #######...   14%         7    #......
 Summon Greater Demon     Summ           #######...   14%         7    #......
 Summon Hydra             Summ           #######...   14%         7    #......
 Metabolic Englaciation   Hex/Ice        #####.....   17%         5    None
 Fireball                 Conj/Fire      ####......   22%         5    None
 Iskenderun's Battlesphe  Conj/Chrm      ####....     22%         5    None
 Lightning Bolt           Conj/Air       ####......   22%         5    None
 Silence                  Hex/Air        ####......   22%         5    None
 Simulacrum               Ice/Necr       ######....   22%         6    None
 Haunt                    Necr/Summ      #######...   22%         7    #......
 Ozocubu's Refrigeration  Ice            #####.....   58%         6    None
 Bolt of Cold             Conj/Ice       #####.....   67%         6    None
 Freezing Cloud           Conj/Ice/Air   #####.....   69%         6    None
 Bolt of Fire             Conj/Fire      ####......   75%         6    None
 Darkness                 Hex            ####......   75%         6    None
 Invisibility             Hex            ####....     75%         6    None
 Ring of Flames           Chrm/Fire      ####......   100%        7    #......
 Disjunction              Tloc           ########..   3%          8    ####...
 Shatter                  Erth           ########..   22%         9    ######.
 Summon Horrible Things   Summ           #######...   75%         8    ####...
 Necromutation            Tmut/Necr      #######...   83%         8    ####...
 Borgnjor's Revivificati  Necr           #######...   96%         8    ####...
 Infestation              Necr           #######...   96%         8    ####...
 Death's Door             Chrm/Necr      ######....   100%        8    ####...
 Ignition                 Fire           ####......   100%        8    ####...
 Dragon's Call            Summ           #######...   100%        9    ######.
 Tornado                  Air            ####......   100%        9    ######.


Dungeon Overview and Level Annotations

Branches:
Dungeon (15/15)            Temple (1/1) D:5            Lair (6/6) D:8
  Swamp (4/4) Lair:3       Spider (4/4) Lair:4        Slime (5/5) Lair:5
    Orc (2/2) D:9             Elf (3/3) Orc:2        Vaults (5/5) D:13
  Crypt (3/3) Vaults:3       Tomb (0/3) Crypt:3      Depths (5/5) D:15
    Zot (5/5) Depths:5     Bailey (visited)           IceCv (visited)
Volcano (visited)         Gauntlet (visited)

Altars:
Ashenzari
Cheibriados
Dithmenos
Elyvilon
Fedhas
Gozag
Hepliaklqana
Kikubaaqudgha
Makhleb
Nemelex Xobeh
Okawaru
Qazlal
Ru
Sif Muna
Trog
Uskayaw
Vehumet
Wu Jian
Xom
Yredelemnul
Zin
The Shining One
Beogh
Jiyva

Shops:
Orc:1 }?*[   Orc:2 ([*=   Elf:2 =}=   Vaults:2 [

Portals:
Hell: Depths:1 Depths:2 Depths:3 Depths:4 Depths:5
Abyss: Depths:2 Depths:4
Pandemonium: Depths:2 Depths:3 Depths:5
Ziggurat: Depths:1

Annotations:
Zot:2 2 transporters
Zot:4 3 runed translucent doors, Decrayps's ghost, veteran FeEn


Innate Abilities, Weirdness & Mutations

You cannot wear boots.
((Your serpentine skin is tough. (AC +9)))
You have supernaturally acute eyesight. (SInv)
Armour fits poorly on your strangely shaped body.
Your system is resistant to poisons. (rPois)
((You cover ground very slowly.))
You have a slow metabolism.
You can spit poison.
You can use your snake-like lower body to constrict enemies.
((You are partially covered in iridescent scales. (AC +2)))
((You are partially covered in thin metallic scales. (AC +2)))
Your flesh is heat resistant. (rF+)
You are somewhat resistant to further mutation.
You passively map a small area around you.
You occasionally shout uncontrollably at your foes.
You are weak. (Str -2)


Message History

The moth of wrath goads the Orb Guardian on!
The Orb Guardian goes berserk!
The moth of wrath goads the Orb Guardian on!
The Orb Guardian goes berserk!
The Orb Guardian completely misses you.
You completely miss the orb of fire.
The orb of fire is moderately damaged.
The Orb Guardian completely misses you. x2
The Orb Guardian hits you but does no damage.
The Orb Guardian hits you!!!
The moth of wrath goads the Orb Guardian on!
The Orb Guardian goes berserk!
The Orb Guardian completely misses you. The Orb Guardian closely misses you.
The Orb Guardian completely misses you.
You barely miss the orb of fire.
The orb of fire is moderately damaged.
The Orb Guardian hits you!!!
* * * LOW HITPOINT WARNING * * *
The Orb Guardian completely misses you. The Orb Guardian hits you!!!
* * * LOW HITPOINT WARNING * * *
The Orb Guardian hits you!!
You die...

.....^.....# , ,
............ , ,
##########.. ,^...... ,
, , ...d... * * , ,
,......#
▓▓▓▓▓▓▓##8.y..▓▓
▓▓▓▓............§..▓
##▓.X....^..^^....§..$
#...X8*.......$.....§.
#....XX*.....$......y..
*▓....XXy.......8.......
▓.................d....
,
▓.................^....
, ,
............d..^...^...▓
.▓......................
,
▓.................X....
.......y.dy.*..


You could see 2 orbs of fire, a yellow draconian, 6 Orb Guardians and a moth of
wrath.

Vanquished Creatures
  4 ancient liches
  6 orbs of fire
  Mara (Depths:1)
  A juggernaut (Depths:2)
  Boris (twice) (Crypt:1 Crypt:2)
  Bai Suzhen (Vaults:5)
  The ghost of Atuemo the Axe Maniac, a veteran MiBe of Trog (Depths:2)
  2 curse toes
  Saint Roka (Orc:2)
  2 caustic shrikes (Depths:3)
  11 golden dragons
  A bone dragon (Crypt:3)
  Nikola (Spider:4)
  Arachne (Spider:3)
  An electric golem (Zot:5)
  17 tentacled monstrosities
  A hellephant (Abyss:4)
  2 Hell Sentinels
  13 liches
  9 Orb Guardians (Zot:5)
  7 titans
  2 deep elf blademasters (Elf:3)
  29 large abominations
  6 quicksilver dragons
  A deep elf master archer (Elf:3)
  Asterion (Spider:4)
  14 acid blobs
  7 tentacled starspawn
  11 sphinxes
  2 thorn hunters
  5 death cobs
  An Executioner (Abyss:4)
  3 ancient champions (Crypt:2)
  7 storm dragons
  Kirke (Swamp:3)
  Donald (Orc:2)
  Roxanne (Spider:4)
  5 draconian monks
  2 tengu reavers
  16 azure jellies
  9 shadow dragons
  Agnes (Spider:3)
  3 revenants
  6 frost giants
  8 ghost moths
  8 fire giants
  A daeva (Abyss:2)
  5 deep elf sorcerers
  19 vault wardens
  5 cacodemons
  4 draconian knights
  2 draconian stormcallers
  4 emperor scorpions
  8 draconian scorchers
  An orc warlord (Vaults:4)
  8 deep elf elementalists
  Louise (Swamp:3)
  3 balrugs
  5 draconian shifters
  6 draconian annihilators
  A ghoul (Vaults:5)
  13 ironheart preservers
  14 stone giants
  6 deep elf demonologists
  5 war gargoyles
  An angel (Abyss:4)
  11 green draconians
  22 very ugly things
  15 white draconians
  4 vampire knights
  2 minotaurs
  5 red draconians
  5 entropy weavers
  Azrael (Spider:2)
  A lorocyproca (Abyss:2)
  11 yellow draconians
  14 purple draconians
  7 deep elf annihilators (Elf:3)
  A dire elephant (Depths:3)
  9 spark wasps
  13 black draconians
  The ghost of Jumnow Etibb the Cleaver, a journeyman MiFi of Okawaru (D:15)
  13 ettins
  4 crystal guardians
  A green death (Depths:5)
  4 eidola
  13 fire dragons
  12 deep elf death magi
  A merfolk impaler (Depths:2)
  15 yaktaur captains
  Snorg (Lair:3)
  17 death oozes
  Josephine (Orc:1)
  A quicksilver dragon zombie (Depths:1)
  2 jiangshi (Crypt:1)
  5 deep elf high priests
  16 great orbs of eyes
  Fannar (D:12)
  32 small abominations
  27 hydras
  29 vault guards
  2 quicksilver dragon skeletons
  7 ice dragons
  3 rakshasas
  2 shambling mangroves
  Harold (D:9)
  2 spriggan air magi (Depths:5)
  3 catoblepae
  11 centaur warriors
  6 ghost crabs (Swamp:1)
  2 anacondas (Depths:3)
  6 death knights
  13 alligators
  A queen ant (Spider:3)
  36 dancing weapons
  4 tengu warriors
  18 ogre magi
  5 death yaks
  6 vampire magi
  6 deep troll shamans
  10 deep troll earth magi
  29 two-headed ogres
  A shock serpent (shapeshifter) (Vaults:5)
  5 orc high priests
  4 hell hogs
  4 spriggan berserkers (Depths:5)
  27 thrashing horrors
  A storm dragon zombie (Crypt:3)
  A soul eater (Crypt:2)
  Urug (D:11)
  13 wretched stars
  A sun demon (Abyss:4)
  2 titan skeletons
  4 spatial maelstroms
  A fire crab (shapeshifter) (Depths:2)
  23 deep elf knights
  31 skeletal warriors
  10 sixfirhies
  3 shadow wraiths
  A death drake (Abyss:4)
  3 iron trolls
  2 golden dragon zombies (Crypt:3)
  An entropy weaver zombie (Crypt:2)
  29 deep trolls
  A ghost moth zombie (Crypt:3)
  10 hell knights
  2 unseen horrors
  A storm dragon skeleton (Crypt:1)
  An obsidian statue (Vaults:3)
  8 glowing orange brains
  13 deep elf archers
  7 spriggan druids
  11 swamp dragons
  5 lindwurms
  5 flayed ghosts
  5 wizards
  A golden dragon skeleton (Crypt:2)
  A shadow dragon zombie (Crypt:3)
  15 necromancers
  A wolf spider zombie (Crypt:2)
  An iron giant skeleton (Crypt:1)
  An anaconda skeleton (Crypt:1)
  4 harpies
  25 orc knights
  5 phantasmal warriors
  21 orb spiders
  A tengu skeleton (Vaults:4)
  16 ironbrand convokers
  2 salamanders (Depths:5)
  55 deep elf magi
  A shining eye (shapeshifter) (Depths:2)
  59 ugly things
  2 human zombies
  2 shining eyes
  7 orc sorcerers
  2 frost giant zombies
  2 fauns (shapeshifter)
  2 stone giant zombies
  34 moths of wrath
  41 wolf spiders
  8 worldbinders
  7 manticores
  4 cyclopes
  6 elephants (Lair:4)
  14 vault sentinels
  4 black mambas
  A sphinx skeleton (Vaults:1)
  A stone giant skeleton (Crypt:1)
  A frost giant skeleton (Crypt:3)
  A guardian serpent (shapeshifter) (Vaults:5)
  15 smoke demons
  A shock serpent zombie (Crypt:3)
  An eye of devastation (Slime:2)
  A naga mage (Depths:4)
  34 spiny frogs
  8 apocalypse crabs
  2 rime drakes (shapeshifter)
  2 rime drakes (Lair:5)
  5 gargoyles
  A black draconian zombie (Crypt:2)
  4 orange demons
  A fire giant skeleton (Vaults:4)
  5 ice statues (IceCv)
  2 kobold demonologists
  4 torpor snails
  A torpor snail (shapeshifter) (D:15)
  A minotaur zombie (Gauntlet)
  2 komodo dragons (shapeshifter)
  An emperor scorpion zombie (Crypt:3)
  16 demonic crawlers
  2 efreet
  9 freezing wraiths
  A dire elephant skeleton (Abyss:3)
  17 komodo dragons
  58 yaktaurs
  5 catoblepas skeletons (Abyss:4)
  A death yak skeleton (Crypt:1)
  2 tengu conjurers (D:15)
  An anaconda simulacrum (IceCv)
  A red draconian skeleton (Crypt:1)
  14 ancient zymes
  2 red devils (Depths:5)
  A golden dragon simulacrum (Crypt:1)
  The ghost of harkrass the Shield-Bearer, an amateur MiFi (D:4)
  A yaktaur skeleton (Vaults:1)
  2 polar bears (shapeshifter)
  A queen bee (Lair:3)
  A harpy zombie (Abyss:3)
  2 ice devils (Abyss:3)
  7 trolls
  2 polar bears
  A meliai (shapeshifter) (Vaults:3)
  A merfolk (D:9)
  A wolf spider simulacrum (Abyss:3)
  Prince Ribbit (D:9)
  38 jumping spiders
  A hornet (shapeshifter) (Depths:1)
  18 blink frogs
  A blink frog (shapeshifter) (Vaults:1)
  A jumping spider zombie (Crypt:2)
  9 tyrant leeches
  28 hornets
  19 bog bodies
  2 fire giant simulacra
  A dream sheep (shapeshifter) (Vaults:5)
  A stone giant simulacrum (Abyss:2)
  7 dream sheep (Lair:6)
  11 hippogriffs
  27 raiju
  An ettin zombie (Vaults:4)
  An ice dragon zombie (Abyss:2)
  82 slime creatures
  44 flying skulls
  A human simulacrum (Vaults:3)
  A centaur simulacrum (D:15)
  2 alligator zombies (Crypt:3)
  13 ynoxinuls
  5 water elementals
  6 shadows
  5 air elementals
  6 spriggans
  2 dire elephant simulacra (IceCv)
  32 yaks
  93 redbacks
  41 tarantellas
  9 wyverns
  13 basilisks
  A human (shapeshifter) (D:15)
  6 fire elementals
  A vampire (Abyss:4)
  2 fire bats
  14 wraiths
  3 hogs (Swamp:3)
  7 hungry ghosts
  7 golden eyes
  16 neqoxecs
  A basilisk (shapeshifter) (Vaults:4)
  9 chaos spawn
  24 vampire mosquitoes
  A warg (shapeshifter) (Vaults:5)
  4 insubstantial wisps (Swamp:1)
  An iron troll simulacrum (IceCv)
  4 wargs
  4 harpy simulacra (IceCv)
  3 soldier ants (Spider:3)
  11 swamp worms
  22 hell hounds
  9 spatial vortices
  6 porcupines
  An acid dragon (D:12)
  18 water moccasins
  A two-headed ogre skeleton (Crypt:2)
  A floating eye (Depths:3)
  2 hydra simulacra
  3 black bears
  15 swamp drakes
  A floating eye (shapeshifter) (Depths:2)
  73 orc warriors
  A sky beast (shapeshifter) (Depths:2)
  99 starcursed masses
  A black bear (shapeshifter) (Depths:5)
  4 sky beasts
  A dream sheep zombie (Crypt:1)
  9 boggarts
  2 ettin simulacra
  13 ice beasts
  4 phantoms
  A wolf (shapeshifter) (Vaults:5)
  7 eyes of draining
  A manticore zombie (Crypt:1)
  3 necrophages
  15 wolves
  33 ogres
  24 centaurs
  16 crocodiles
  A manticore skeleton (Crypt:3)
  A rime drake skeleton (Crypt:1)
  6 big kobolds
  30 bullfrogs
  A draconian skeleton (Crypt:1)
  16 earth elementals
  A glowing shapeshifter simulacrum (Vaults:1)
  2 wyvern skeletons
  7 scorpions
  25 killer bees (Lair:3)
  17 wights
  6 electric eels
  17 crimson imps
  2 bullfrog zombies
  4 jellies
  8 quasits
  6 centaur zombies
  4 centaur skeletons
  8 hounds
  3 yaktaur simulacra
  54 orc priests
  4 bullfrog skeletons
  2 iron imps
  33 orc wizards
  A gnoll shaman (D:4)
  An iguana (D:10)
  2 iguanas (shapeshifter) (Depths:2)
  20 worker ants
  A worker ant (shapeshifter) (Depths:2)
  A worker ant zombie (Crypt:2)
  9 gnolls
  A howler monkey skeleton (D:7)
  9 adders
  8 shadow imps
  2 white imps
  4 ufetubi
  2 oozes
  2 adder skeletons (D:7)
  2 adder zombies (D:5)
  6 worms
  8 leopard geckos
  121 orcs
  A ball python (D:1)
  14 bats
  A bat skeleton (Crypt:2)
  10 giant cockroaches
  7 goblins
  11 hobgoblins
  16 jackals
  A kobold (shapeshifter) (Depths:2)
  6 quokkas
  A ball python skeleton (Crypt:2)
  5 frilled lizards
  A jackal skeleton (D:6)
  21 kobolds
  3 quokka skeletons
  10 rats
  5 crawling corpses
  A lurking horror (Abyss:4)
  A plant (Lair:1)
  3 starspawn tentacles
3266 creatures vanquished.

Vanquished Creatures (collateral kills)
  the Lernaean hydra (Swamp:4)
  Jorgrun (Spider:1)
  2 acid blobs (Slime:5)
  2 draconian monks (Zot:2)
  An orc warlord (Orc:2)
  A purple draconian (Zot:2)
  A death ooze (Slime:5)
  2 alligators (Swamp:2)
  A centaur warrior (D:14)
  A two-headed ogre (D:9)
  A wizard (D:11)
  An orc knight (Orc:2)
  An orb spider (Spider:1)
  An ugly thing (D:14)
  4 shining eyes
  A vault sentinel (Vaults:3)
  A spiny frog (Swamp:2)
  A yaktaur (Vaults:4)
  A jumping spider (Spider:1)
  11 slime creatures
  A redback (Spider:1)
  A hippogriff (Lair:3)
  2 yaks
  2 hogs (Swamp:3)
  3 golden eyes (Slime:4)
  A floating eye (Slime:5)
  6 orc warriors
  A swamp drake (Swamp:3)
  A centaur (D:6)
  An eye of draining (Slime:5)
  A wolf (Lair:1)
  A big kobold (D:13)
  A bullfrog (Lair:6)
  An earth elemental (Abyss:4)
  2 wights (D:8)
  An orc priest (Orc:2)
  2 jellies (D:10)
  3 orc wizards
  A gnoll (D:8)
  5 orcs
  A plant (Lair:5)
74 creatures vanquished.

Vanquished Creatures (others)
  A deep elf master archer (Elf:3)
  3 eldritch tentacles
  A fire giant (Depths:1)
  A frost giant (Depths:2)
  A draconian knight (Zot:4)
  A vault warden (Vaults:3)
  3 yaktaur captains
  A great orb of eyes (Slime:5)
  A two-headed ogre (Volcano)
  A spriggan druid (Swamp:1)
  6 yaktaurs
  A raiju (Abyss:4)
  A water elemental (Abyss:3)
  A fire bat (shapeshifter) (Abyss:4)
  A neqoxec (Abyss:3)
  A spatial vortex (Abyss:4)
  A floating eye (Depths:2)
  A swamp drake (Swamp:4)
  An ettin simulacrum (Abyss:2)
  A necrophage (Crypt:3)
  3 centaurs (Volcano)
  9 bushes
  39 fungi
  A lurking horror (Abyss:2)
  97 plants
  17 starspawn tentacles
195 creatures vanquished.

Grand Total: 3535 creatures vanquished

Notes
Turn   | Place    | Note
-------+----------+-------------------------------------------
     0 | D:1      | mortelune the Naga Transmuter began the quest for the Orb.
     0 | D:1      | Reached XP level 1. HP: 18/18 MP: 3/3
   155 | D:1      | Reached XP level 2. HP: 24/25 MP: 3/5
   159 | D:1      | Learned a level 2 spell: Sticks to Snakes
   703 | D:1      | Reached XP level 3. HP: 31/31 MP: 6/6
   868 | D:1      | Learned a level 3 spell: Spider Form
  1586 | D:2      | Reached XP level 4. HP: 32/38 MP: 1/8
  3553 | D:3      | Reached XP level 5. HP: 44/44 MP: 8/10
  3568 | D:3      | Learned a level 4 spell: Ice Form
  4423 | D:4      | Reached skill level 1 in Ice Magic
  4598 | D:4      | Reached XP level 6. HP: 47/51 MP: 8/11
  4698 | D:4      | Reached skill level 5 in Transmutations
  4802 | D:4      | Found a transporter.
  4804 | D:4      | Noticed harkrass's ghost (amateur MiFi)
  4897 | D:4      | Got a silken robe
  4908 | D:4      | Identified the cursed +0 robe of Xyishruk {rF+++ Str-2
                  | Int-2 SInv} (You found it on level 4 of the Dungeon)
  5617 | D:5      | Entered Level 5 of the Dungeon
  5627 | D:5      | Reached XP level 7. HP: 47/57 MP: 6/13
  6045 | D:5      | Found a staircase to the Ecumenical Temple.
  6473 | D:5      | Reached XP level 8. HP: 67/67 MP: 10/15
  6656 | D:5      | Reached skill level 4 in Unarmed Combat
  6870 | D:5      | Reached skill level 5 in Spellcasting
  7411 | Temple   | Entered the Ecumenical Temple
  7667 | Temple   | Became a worshipper of Cheibriados the Contemplative
  8883 | D:6      | Reached XP level 9. HP: 78/78 MP: 12/17
  9084 | D:6      | Reached skill level 5 in Unarmed Combat
  9495 | D:6      | Learned a level 5 spell: Blade Hands
  9560 | D:6      | Reached * piety under Cheibriados
 10142 | D:7      | Reached skill level 1 in Invocations
 10288 | D:7      | Found a flagged portal.
 10302 | Bailey   | Entered a bailey
 10437 | Bailey   | Reached ** piety under Cheibriados
 10624 | Bailey   | Got a slimy chain mail
 10644 | Bailey   | Identified the +0 chain mail of Hysteria {rElec Int-5
                  | Slay+3} (You found it in a bailey)
 10700 | Bailey   | Noticed an orc knight
 11085 | Bailey   | Killed an orc knight
 11187 | Bailey   | Found a bloodstained altar of Trog.
 12068 | D:7      | Reached skill level 5 in Fighting
 12184 | D:7      | Reached skill level 6 in Unarmed Combat
 12299 | D:7      | Found a sparkling altar of Nemelex Xobeh.
 12561 | D:7      | Reached *** piety under Cheibriados
 12649 | D:8      | Reached XP level 10. HP: 68/88 MP: 16/19
 13610 | D:8      | Found a shattered altar of Ashenzari.
 13855 | D:8      | Noticed a gargoyle
 13970 | D:9      | Reached **** piety under Cheibriados
 14015 | D:9      | Found an opulent altar of Gozag.
 14061 | D:9      | Noticed a two-headed ogre
 14069 | D:9      | Killed a two-headed ogre
 14470 | D:9      | Found a roughly hewn altar of Beogh.
 14470 | D:9      | Found a staircase to the Orcish Mines.
 14473 | D:9      | Reached skill level 5 in Dodging
 14475 | D:9      | Noticed Harold
 14649 | D:9      | Reached skill level 10 in Transmutations
 14961 | D:9      | Killed Harold
 14961 | D:9      | Reached skill level 7 in Unarmed Combat
 14961 | D:9      | Reached skill level 5 in Invocations
 15239 | D:9      | Reached XP level 11. HP: 99/99 MP: 15/20
 15610 | D:9      | Noticed Prince Ribbit
 15616 | D:9      | Killed Prince Ribbit
 15893 | D:8      | Found a staircase to the Lair.
 16080 | D:10     | Entered Level 10 of the Dungeon
 16249 | D:10     | Reached ***** piety under Cheibriados
 16428 | D:10     | Found a viscous altar of Jiyva.
 17599 | D:11     | Learned a level 3 spell: Regeneration
 17722 | D:11     | Noticed an unseen horror
 17728 | D:11     | Killed an unseen horror
 17728 | D:11     | Reached skill level 1 in Necromancy
 17733 | D:11     | Reached skill level 8 in Unarmed Combat
 18136 | D:11     | Noticed a wizard
 18154 | D:11     | Noticed an orc knight
 18158 | D:11     | Killed a wizard
 18167 | D:11     | Killed an orc knight
 18224 | D:11     | Noticed a deep elf knight
 18232 | D:11     | Killed a deep elf knight
 18281 | D:11     | Noticed Urug
 18289 | D:11     | Noticed a +4 long sword
 18293 | D:11     | Killed Urug
 18782 | Lair:1   | Entered Level 1 of the Lair of Beasts
 18819 | Lair:1   | Learned a level 4 spell: Animate Dead
 18976 | Lair:1   | Reached ****** piety under Cheibriados
 18976 | Lair:1   | Reached XP level 12. HP: 52/110 MP: 19/21
 19921 | Lair:1   | Identified the +4 robe of Osodifac {MR+ Dex+2} (You found
                  | it on level 1 of the Lair of Beasts)
 20143 | Lair:2   | Reached skill level 5 in Necromancy
 20870 | Lair:2   | Reached skill level 9 in Unarmed Combat
 21042 | Lair:2   | Got an ancient scale mail
 21053 | Lair:2   | Identified the +5 scale mail of Resonance {rElec rF+} (You
                  | found it on level 2 of the Lair of Beasts)
 21872 | Lair:3   | Found a staircase to the Swamp.
 22329 | Lair:3   | Noticed Snorg
 22335 | Lair:3   | Killed Snorg
 22353 | Lair:3   | Gained mutation: You can use your snake-like lower body to
                  | constrict enemies. [Naga growth]
 22353 | Lair:3   | Reached XP level 13. HP: 98/120 MP: 5/22
 22962 | Lair:4   | Found a shimmering blue altar of Sif Muna.
 23106 | Lair:4   | Found a dark tunnel.
 23111 | Volcano  | Entered a volcano
 23166 | Volcano  | Reached skill level 10 in Dodging
 24174 | Lair:4   | Found a hole to the Spider Nest.
 24964 | Lair:5   | Reached skill level 10 in Unarmed Combat
 25982 | Lair:5   | Found a viscous altar of Jiyva.
 25983 | Lair:5   | Found a staircase to the Slime Pits.
 26039 | Lair:6   | Entered Level 6 of the Lair of Beasts
 26063 | Lair:6   | Reached skill level 10 in Fighting
 26216 | Lair:6   | Reached XP level 14. HP: 130/132 MP: 21/26
 26247 | Lair:6   | Reached skill level 10 in Invocations
 26419 | Lair:5   | Learned a level 6 spell: Hydra Form
 27664 | Lair:5   | Reached skill level 1 in Armour
 28307 | Lair:6   | Reached skill level 11 in Unarmed Combat
 29264 | Lair:6   | Got a dazzling arbalest
 29265 | Lair:6   | Identified the cursed +0 arbalest "Yxutois" {flame, MR+++
                  | Str+3 Int-4 Dex+2} (You found it on level 6 of the Lair of
                  | Beasts)
 29770 | D:12     | Reached skill level 10 in Spellcasting
 29990 | D:12     | Noticed Fannar
 30003 | D:12     | Killed Fannar
 30335 | D:13     | Reached XP level 15. HP: 99/140 MP: 20/29
 31438 | D:13     | Found a portal to a secret trove of treasure.
 31797 | D:13     | Found a gate to the Vaults.
 32679 | D:14     | Found a shadowy altar of Dithmenos.
 32798 | D:14     | Found a glowing golden altar of the Shining One.
 33488 | D:14     | Reached skill level 12 in Unarmed Combat
 34220 | D:14     | Learned a level 5 spell: Lee's Rapid Deconstruction
 34249 | D:15     | Entered Level 15 of the Dungeon
 34775 | D:15     | Reached skill level 1 in Earth Magic
 35068 | D:15     | Found a runed translucent gate.
 35069 | D:15     | Found a runed translucent gate.
 35069 | D:15     | Found a runed translucent gate.
 35070 | D:15     | Noticed Jumnow Etibb's ghost (journeyman MiFi)
 35072 | D:15     | Noticed a fire giant
 35076 | D:15     | Found the +3 robe of Folly {Archmagi, MR-- Int+5}
 35281 | D:15     | Reached skill level 5 in Armour
 35644 | D:15     | Found a staircase to the Depths.
 35644 | D:15     | Noticed a frost giant
 35652 | D:15     | Killed a frost giant
 36644 | Orc:1    | Entered Level 1 of the Orcish Mines
 36648 | Orc:1    | Reached skill level 1 in Shields
 36656 | Orc:1    | Reached XP level 16. HP: 151/152 MP: 26/30
 36722 | Orc:2    | Entered Level 2 of the Orcish Mines
 36722 | Orc:2    | Found a staircase to the Elven Halls.
 36766 | Orc:2    | Found a gate leading to a gauntlet.
 36774 | Gauntlet | Entered a Gauntlet
 36774 | Gauntlet | Found a transporter.
 36781 | Gauntlet | Found a transporter.
 36783 | Gauntlet | Found a transporter.
 36794 | Gauntlet | Found a transporter.
 36795 | Gauntlet | Found a transporter.
 36808 | Gauntlet | Found a transporter.
 36819 | Gauntlet | Found a transporter.
 36832 | Gauntlet | Found the +10 zealot's sword {holy, *Rage rN+ EV+3}
 36833 | Gauntlet | Found a transporter.
 36840 | Gauntlet | Found a transporter.
 36854 | Gauntlet | Found a transporter.
 36861 | Gauntlet | Identified the ring "Xakih" {Wiz rF+ MR+}
 36863 | Gauntlet | Found a transporter.
 36866 | Gauntlet | Found a transporter.
 36928 | Gauntlet | Found a transporter.
 36928 | Gauntlet | Found a transporter.
 37287 | Gauntlet | Got a slimy pewter ring
 37289 | Gauntlet | Identified the ring "Otritaqahu" {Fire Str-5 Dex+5} (You
                  | found it in a Gauntlet)
 37597 | Orc:1    | Found Iplo's Assorted Antiques.
 37601 | Orc:1    | Found Sociugoi's Antique Armour Shop.
 37670 | Orc:1    | Bought a potion of might for 132 gold pieces
 37670 | Orc:1    | Bought a scroll of magic mapping for 115 gold pieces
 37727 | Orc:1    | Found Susam's Gadget Boutique.
 37758 | Orc:1    | Found Buuschi's Magic Scroll Emporium.
 37761 | Orc:1    | Bought a scroll of teleportation for 39 gold pieces
 37761 | Orc:1    | Bought a scroll of blinking for 97 gold pieces
 37761 | Orc:1    | Bought a scroll of teleportation for 39 gold pieces
 38237 | Orc:1    | Found a burning altar of Makhleb.
 38566 | Orc:1    | Noticed Josephine
 38611 | Orc:2    | Noticed Donald
 38621 | Orc:2    | Killed Donald
 38982 | Orc:2    | Noticed Saint Roka
 39003 | Orc:2    | Killed Saint Roka
 39151 | Orc:2    | Found a roughly hewn altar of Beogh.
 40638 | Orc:2    | Found Cyho's Antique Armour Shoppe.
 40639 | Orc:2    | Found Zuttibeck's Antique Weapon Emporium.
 40640 | Orc:2    | Found Eshraplid's General Store.
 40640 | Orc:2    | Found Akaoviu Tawo's Jewellery Shoppe.
 40669 | Orc:2    | Bought a +0 naga barding for 322 gold pieces
 40849 | Orc:2    | Bought a potion of curing for 42 gold pieces
 40950 | Orc:1    | Bought a wand of acid (7) for 242 gold pieces
 40950 | Orc:1    | Bought a wand of digging (3) for 154 gold pieces
 41056 | Orc:1    | Killed Josephine
 41563 | Spider:1 | Entered Level 1 of the Spider Nest
 41774 | Lair:4   | Learned a level 3 spell: Stone Arrow
 41788 | Spider:1 | Reached skill level 5 in Earth Magic
 42165 | Spider:1 | Reached skill level 13 in Unarmed Combat
 42188 | Spider:1 | Noticed Jorgrun
 42196 | Spider:1 | Killed Jorgrun
 42535 | Spider:1 | Reached XP level 17. HP: 113/164 MP: 26/31
 42776 | Spider:1 | Found a transporter.
 42776 | Spider:1 | Found a transporter.
 43105 | Spider:1 | Got an ivory dire flail
 43134 | Spider:1 | Identified the +7 dire flail of Dithmenos's Approval {pain,
                  | rPois rF- Int-5 Dex+10} (You found it on level 1 of the
                  | Spider Nest)
 44974 | Spider:2 | Noticed Azrael
 44981 | Spider:2 | Killed Azrael
 46278 | Spider:2 | Learned a level 6 spell: Statue Form
 47052 | Spider:3 | Noticed Agnes
 47200 | Spider:3 | Killed Agnes
 47241 | Spider:3 | Noticed Arachne
 47254 | Spider:3 | Killed Arachne
 47267 | Spider:3 | Reached skill level 14 in Unarmed Combat
 47750 | Spider:3 | Reached XP level 18. HP: 175/175 MP: 27/32
 48374 | Spider:4 | Entered Level 4 of the Spider Nest
 48374 | Spider:4 | Found a frozen archway.
 48382 | Spider:4 | Noticed Nikola
 48395 | Spider:4 | Killed Nikola
 48415 | IceCv    | Entered an ice cave
 49544 | Spider:4 | Noticed Asterion
 49553 | Spider:4 | Killed Asterion
 49744 | Spider:4 | Noticed Roxanne
 49749 | Spider:4 | Killed Roxanne
 49868 | Spider:4 | Identified the Guide on Evil and Moulding
 49886 | Spider:4 | Learned a level 2 spell: Shroud of Golubria
 50081 | Spider:4 | Reached skill level 1 in Translocations
 50285 | Spider:4 | Reached skill level 10 in Earth Magic
 50781 | Spider:4 | Got a gossamer rune of Zot
 50931 | Swamp:1  | Entered Level 1 of the Swamp
 51430 | Swamp:1  | Found a runed translucent door.
 51451 | Swamp:1  | Reached skill level 15 in Unarmed Combat
 51619 | Swamp:1  | Reached XP level 19. HP: 183/183 MP: 11/33
 51749 | Swamp:1  | Identified the +1 shield of Dishonesty {-Cast rPois Dex+7}
                  | (You found it on level 1 of the Swamp)
 53139 | Swamp:3  | Reached skill level 5 in Translocations
 53596 | Swamp:3  | Noticed Kirke
 53735 | Swamp:3  | Killed Kirke
 53748 | Swamp:3  | Noticed Louise
 53760 | Swamp:3  | Killed Louise
 54165 | Swamp:4  | Entered Level 4 of the Swamp
 54707 | Swamp:4  | Noticed the 27-headed Lernaean hydra
 54724 | Swamp:4  | Killed the 27-headed Lernaean hydra
 54865 | Swamp:4  | Reached skill level 15 in Fighting
 54903 | Swamp:4  | Got a decaying rune of Zot
 55398 | Vaults:1 | Entered Level 1 of the Vaults
 55451 | Vaults:1 | Reached XP level 20. HP: 129/194 MP: 14/34
 55455 | Vaults:1 | Reached skill level 16 in Unarmed Combat
 58993 | Vaults:2 | Found Ufawocot's Antique Armour Emporium.
 59001 | Vaults:2 | Bought a glowing helmet for 285 gold pieces
 59231 | Vaults:3 | You fall into a shaft and drop 1 floor!
 59258 | Vaults:4 | Reached XP level 21. HP: 158/202 MP: 21/35
 59552 | Vaults:4 | Found a roughly hewn altar of Beogh.
 59794 | Vaults:3 | Reached skill level 17 in Unarmed Combat
 59999 | Vaults:3 | Reached skill level 10 in Translocations
 60006 | Vaults:3 | Reached skill level 10 in Armour
 61671 | Vaults:3 | Found a staircase to the Crypt.
 63219 | Vaults:4 | Identified a scroll of acquirement
 63223 | Vaults:4 | Got a twisted cloak
 63234 | Vaults:4 | Identified the +2 cloak of the Queen {MR- Int+4 Slay+3}
                  | (You acquired it on level 4 of the Vaults)
 63654 | Depths:1 | Entered Level 1 of the Depths
 63661 | Depths:1 | Reached XP level 22. HP: 212/212 MP: 32/36
 63732 | Depths:1 | Noticed Mara
 63733 | Depths:1 | Noticed mortelune's illusion
 63747 | Depths:1 | Killed Mara
 64011 | Depths:1 | Found a gateway to Hell.
 64041 | Depths:1 | Identified the cursed +2 arbalest "Qeewean" {venom, rElec
                  | rPois} (You found it on level 1 of the Depths)
 64112 | Depths:1 | Found a gateway to a ziggurat.
 64699 | Depths:1 | Found an ancient bone altar of Kikubaaqudgha.
 65299 | Depths:2 | Found a one-way gate leading to the halls of Pandemonium.
 65329 | Depths:2 | Reached skill level 18 in Unarmed Combat
 65882 | Depths:2 | Identified the +8 trident of the Extremely Mad {speed,
                  | *Noise +Blink +Inv rElec}
 65906 | Depths:2 | Reached skill level 15 in Earth Magic
 66240 | Depths:2 | Gained mutation: You expend magic power (3 MP) to
                  | strengthen your wands. [a shining eye]
 66253 | Depths:2 | Paralysed by a floating eye for 4 turns
 66259 | Depths:2 | Paralysed by a floating eye for 4 turns
 66267 | Depths:2 | Paralysed by a floating eye for 3 turns
 66272 | Depths:2 | Noticed a juggernaut
 66849 | Depths:2 | Found a runed translucent gate.
 66849 | Depths:2 | Found a runed translucent gate.
 66850 | Depths:2 | Found a runed translucent gate.
 67126 | Depths:2 | Killed a juggernaut
 67602 | Depths:2 | Found a one-way gate to the infinite horrors of the Abyss.
 67939 | Depths:3 | Paralysed by a floating eye for 2 turns
 68304 | Depths:3 | Reached XP level 23. HP: 222/222 MP: 34/37
 68744 | Depths:3 | Noticed a caustic shrike
 68753 | Depths:3 | Killed a caustic shrike
 69172 | Depths:3 | Noticed a caustic shrike
 69176 | Depths:3 | Killed a caustic shrike
 69480 | Depths:4 | Found an ancient bone altar of Kikubaaqudgha.
 70253 | Depths:4 | Identified the Tome of the Compass and Transformation
 70270 | Depths:4 | Identified Ladgh's Tome of Ghastly Lightness
 70283 | Depths:4 | Found a shimmering blue altar of Sif Muna.
 70346 | Depths:4 | Identified the Disquisition on Congealing Good Luck
 70348 | Depths:4 | Identified the Disquisition on the Snowflakes and the
                  | Arsonist
 70379 | Depths:4 | Reached skill level 19 in Unarmed Combat
 70457 | Depths:4 | Identified the +8 flail of the Heavens {drain, rElec Str-4
                  | Int+2} (You found it on level 4 of the Depths)
 70569 | Depths:5 | Entered Level 5 of the Depths
 71410 | Depths:5 | Found a gate to the Realm of Zot.
 71410 | Depths:5 | Noticed a golden dragon
 71410 | Depths:5 | Noticed a golden dragon
 71420 | Depths:5 | Killed a golden dragon
 71430 | Depths:5 | Killed a golden dragon
 71430 | Depths:5 | Reached XP level 24. HP: 188/231 MP: 37/37
 73007 | Depths:2 | Found a runed translucent gate.
 73007 | Depths:2 | Found a runed translucent gate.
 73017 | Depths:2 | Found a runed translucent gate.
 73017 | Depths:2 | Noticed Atuemo's ghost (veteran MiBe)
 73037 | Depths:2 | Noticed a caustic shrike
 73037 | Depths:2 | an acid blob changed into a caustic shrike
 73039 | Depths:2 | a caustic shrike changed into an acid blob
 73196 | Depths:2 | Gained mutation: You occasionally shout uncontrollably at
                  | your foes. [a cacodemon]
 73198 | Depths:2 | Gained mutation: Your magical capacity is low. (-10% MP) [a
                  | cacodemon]
 73211 | Depths:2 | Killed Atuemo's ghost
 73236 | Depths:2 | Learned a level 1 spell: Apportation
 73243 | Depths:2 | Identified the +2 cloak "Mobbakle" {*Drain Int+7 Dex+3}
                  | (You found it on level 2 of the Depths)
 73561 | Orc:2    | Lost mutation: Your magical capacity is low. (-10% MP)
                  | [potion of mutation]
 73561 | Orc:2    | Lost mutation: You expend magic power (3 MP) to strengthen
                  | your wands. [potion of mutation]
 73561 | Orc:2    | Gained mutation: You have a pair of small horns on your
                  | head. [potion of mutation]
 73561 | Orc:2    | Gained mutation: You expend magic power (3 MP) to
                  | strengthen your wands. [potion of mutation]
 73561 | Orc:2    | Gained mutation: You are robust. (+10% HP) [potion of
                  | mutation]
 73564 | Elf:1    | Entered Level 1 of the Elven Halls
 73940 | Elf:1    | Identified the Collected Works on Calling
 74510 | Elf:2    | Found a runed translucent gate.
 74510 | Elf:2    | Found a runed translucent gate.
 74528 | Elf:2    | Found a runed translucent gate.
 74659 | Elf:2    | Found Raecas's Jewellery Emporium.
 74659 | Elf:2    | Found Wyim's Gadget Boutique.
 74660 | Elf:2    | Found Ypnaxyev's Jewellery Emporium.
 74687 | Elf:2    | Bought a +5 ring of evasion for 1100 gold pieces
 74690 | Elf:2    | Bought a wand of digging (7) for 374 gold pieces
 74690 | Elf:2    | Bought a wand of digging (6) for 340 gold pieces
 75591 | Elf:3    | Entered Level 3 of the Elven Halls
 75970 | Elf:3    | Reached skill level 15 in Translocations
 75970 | Elf:3    | Reached XP level 25. HP: 265/265 MP: 38/38
 76298 | Elf:3    | Reached skill level 20 in Unarmed Combat
 76657 | Elf:3    | Identified the ring "Vaadyxt" {rF+ EV+4 Int+4}
 76789 | Elf:3    | Identified the +3 glaive of Vodka {chop, Dex+3 SInv}
 77305 | Elf:3    | Identified the Compendium of Mutagenic Creation
 77308 | Elf:3    | Identified the +2 pair of gloves "Qiusykym" {Str+7} (You
                  | found it on level 3 of the Elven Halls)
 77338 | Elf:3    | Found the +1 cloak of Starlight {rElec rC+ EV+4 Stlth--}
 77385 | Elf:3    | Identified the Almanac of the Arsonist and Stones
 77393 | Elf:3    | Identified the +3 leather armour of the Tired Moons {rElec
                  | rPois Regen+ Dex-5} (You found it on level 3 of the Elven
                  | Halls)
 77397 | Elf:3    | Identified the +0 pair of gloves "Laovoeg" {+Inv} (You
                  | found it on level 3 of the Elven Halls)
 77410 | Elf:3    | Identified The Last Secrets of the Arcane Arts
 77425 | Elf:3    | Identified the cursed +0 robe of the Moon {rF+ Stlth+} (You
                  | found it on level 3 of the Elven Halls)
 77819 | Crypt:1  | Entered Level 1 of the Crypt
 77850 | Crypt:1  | Noticed Boris
 77859 | Crypt:1  | Killed Boris
 78417 | Crypt:1  | Learned a level 8 spell: Controlled Blink
 79484 | Crypt:2  | Noticed Boris
 79490 | Crypt:2  | Killed Boris
 79685 | Crypt:3  | Entered Level 3 of the Crypt
 79879 | Crypt:3  | Reached XP level 26. HP: 277/277 MP: 38/38
 79984 | Crypt:3  | Found a staircase to the Tomb.
 80027 | Crypt:3  | Found an ancient bone altar of Kikubaaqudgha.
 80029 | Crypt:3  | Noticed an ancient lich
 80035 | Crypt:3  | Killed an ancient lich
 80108 | Crypt:3  | Got a heavily runed glass ring
 80109 | Crypt:3  | Identified the ring of the Salamander {*Contam rF+ rC++
                  | EV+1 Str+8} (You found it on level 3 of the Crypt)
 80574 | Crypt:3  | Identified the cursed +3 dagger of Day {pierce, rF+ rN++
                  | Int-4 Dex+2 SInv} (You found it on level 3 of the Crypt)
 80926 | D:15     | Killed Jumnow Etibb's ghost
 81273 | D:4      | Found a transporter.
 81279 | D:4      | Killed harkrass's ghost
 81692 | Vaults:5 | Entered Level 5 of the Vaults
 81697 | Vaults:5 | Reached skill level 21 in Unarmed Combat
 81801 | Vaults:5 | Identified the +5 scythe "Kiddedaj" {antimagic, rElec rPois
                  | rF+}
 81811 | Vaults:5 | Noticed Bai Suzhen
 82094 | Vaults:5 | Identified the ring of Ugroadupao {*Contam rC++ rN+ SInv
                  | Stlth+}
 82239 | Vaults:5 | Reached XP level 27. HP: 282/287 MP: 38/39
 82851 | Vaults:5 | Identified the amulet "Dibemerch" {Faith rPois rF+ rN+
                  | Str+3}
 83005 | Vaults:5 | Identified the ring of Sloth {*Slow +Blink rElec Dex+4
                  | Stlth+} (You found it on level 5 of the Vaults)
 83019 | Vaults:5 | Identified the Almanac of the Congealing Arsonist
 83024 | Vaults:5 | Identified the Handbook of the Escort
 83047 | Vaults:5 | Learned a level 7 spell: Malign Gateway
 83154 | Vaults:5 | Reached skill level 1 in Summonings
 83476 | Vaults:5 | Killed Bai Suzhen
 83496 | Vaults:5 | Got a silver rune of Zot
 84268 | Slime:1  | Entered Level 1 of the Pits of Slime
 84450 | Slime:2  | Reached skill level 22 in Unarmed Combat
 84499 | Slime:3  | Gained mutation: You are weak. (Str -2) [a shining eye]
 84499 | Slime:3  | Gained mutation: You do not regenerate when monsters are
                  | visible. [a shining eye]
 84509 | Slime:3  | Lost mutation: You occasionally shout uncontrollably at
                  | your foes. [potion of mutation]
 84509 | Slime:3  | Lost mutation: You expend magic power (3 MP) to strengthen
                  | your wands. [potion of mutation]
 84509 | Slime:3  | Gained mutation: You are very robust. (+20% HP) [potion of
                  | mutation]
 84509 | Slime:3  | Gained mutation: You expend magic power (3 MP) to
                  | strengthen your wands. [potion of mutation]
 84510 | Slime:3  | Lost mutation: You expend magic power (3 MP) to strengthen
                  | your wands. [potion of mutation]
 84510 | Slime:3  | Gained mutation: Your mind is acute. (Int +2) [potion of
                  | mutation]
 84510 | Slime:3  | Gained mutation: You have a pair of horns on your head.
                  | [potion of mutation]
 84511 | Slime:3  | Lost mutation: You have a pair of horns on your head.
                  | [potion of mutation]
 84511 | Slime:3  | Lost mutation: Your mind is acute. (Int +2) [potion of
                  | mutation]
 84511 | Slime:3  | Lost mutation: You are very robust. (+20% HP) [potion of
                  | mutation]
 84511 | Slime:3  | Gained mutation: Your flesh is heat resistant. (rF+)
                  | [potion of mutation]
 84511 | Slime:3  | Gained mutation: Your body sometimes deteriorates upon
                  | taking damage. [potion of mutation]
 84511 | Slime:3  | Gained mutation: You are partially covered in iridescent
                  | scales. (AC +2) [potion of mutation]
 84512 | Slime:3  | Lost mutation: You have a pair of small horns on your head.
                  | [potion of mutation]
 84512 | Slime:3  | Lost mutation: You are weak. (Str -2) [potion of mutation]
 84512 | Slime:3  | Lost mutation: You do not regenerate when monsters are
                  | visible. [potion of mutation]
 84512 | Slime:3  | Lost mutation: Your body sometimes deteriorates upon taking
                  | damage. [potion of mutation]
 84512 | Slime:3  | Gained mutation: You are somewhat resistant to further
                  | mutation. [potion of mutation]
 84695 | Slime:5  | Entered Level 5 of the Pits of Slime
 84809 | Slime:5  | Reached skill level 1 in Evocations
 84842 | Slime:5  | Noticed the Royal Jelly
 85071 | Slime:5  | Noticed a titan shaped Royal Jelly
 85656 | Slime:5  | Paralysed by a floating eye for 2 turns
 85877 | Slime:5  | Killed a titan shaped Royal Jelly
 86190 | Slime:5  | Paralysed by a floating eye for 3 turns
 86482 | Slime:5  | Found the +7 Singing Sword {slice, sonic wave}
 86496 | Slime:5  | Identified the +4 shortbow "Femneuse" {freeze, rC- Str+3
                  | Dex+2} (You found it on level 5 of the Pits of Slime)
 86498 | Slime:5  | Got a slimy rune of Zot
 86596 | Slime:5  | Identified the Collected Works on the Shifting Rocks
 86610 | Slime:5  | Identified the +5 scythe of the Solstice {speed, rPois rC-
                  | Str+5 Stlth+} (You found it on level 5 of the Pits of
                  | Slime)
 86901 | Slime:5  | Identified the +0 ring mail "Cossakan" {-Tele +Inv rElec
                  | Regen+ rCorr} (You found it on level 5 of the Pits of
                  | Slime)
 87400 | Depths:4 | Voluntarily entered the Abyss.
 87551 | Abyss:2  | Found a corrupted altar of Lugonu.
 87614 | Abyss:2  | Reached skill level 5 in Summonings
 87784 | Abyss:2  | Paralysed by accursed screaming for 1 turns
 87930 | Abyss:2  | Paralysed by accursed screaming for 1 turns
 88003 | Abyss:2  | Paralysed by accursed screaming for 1 turns
 88259 | Abyss:2  | Identified the ring of Exhibitionism {rF+ rC+ Int+6 Dex+2}
 88340 | Abyss:2  | Paralysed by accursed screaming for 1 turns
 88804 | Abyss:3  | Reached skill level 23 in Unarmed Combat
 88848 | Abyss:3  | Found a burning altar of Makhleb.
 88922 | Abyss:3  | Found a bloodstained altar of Trog.
 89690 | Abyss:3  | Gained mutation: You passively map a small area around you.
                  | [a neqoxec]
 89871 | Abyss:4  | Reached skill level 5 in Evocations
 90023 | Abyss:4  | Got an abyssal rune of Zot
 90322 | Abyss:4  | Found a corrupted altar of Lugonu.
 90541 | Depths:4 | Escaped the Abyss
 90724 | D:13     | You showed the abyssal rune of Zot to enter a treasure
                  | trove
 90725 | Trove    | Entered a treasure trove
 90798 | Trove    | Identified Sif Muna's Papyrus of the Mountains and Shape
                  | Shifting
 91041 | Zot:1    | Entered Level 1 of the Realm of Zot
 91233 | Zot:1    | Reached skill level 24 in Unarmed Combat
 92318 | Zot:2    | Found a transporter.
 92430 | Zot:2    | Noticed an orb of fire
 92438 | Zot:2    | Killed an orb of fire
 92448 | Zot:2    | Found a transporter.
 93427 | Zot:3    | Noticed an orb of fire
 93437 | Zot:3    | Killed an orb of fire
 94677 | Zot:4    | Found a runed translucent gate.
 94678 | Zot:4    | Found a runed translucent gate.
 94692 | Zot:4    | Reached skill level 15 in Spellcasting
 94711 | Zot:4    | Found a runed translucent gate.
 94712 | Zot:4    | Noticed Decrayps's ghost (veteran FeEn)
 94831 | Zot:4    | Identified the +5 glaive of the Moth {chop, Str-5 Dex+6}
 94836 | Zot:4    | Reached skill level 25 in Unarmed Combat
 95202 | Zot:5    | Entered Level 5 of the Realm of Zot
 95529 | Zot:5    | Identified the +1 robe of the Jabberwock {Regen+ Str+3}
                  | (You found it on level 5 of the Realm of Zot)
 95837 | Zot:5    | Noticed an ancient lich
 95841 | Zot:5    | Reached skill level 15 in Dodging
 95845 | Zot:5    | Killed an ancient lich
 95857 | Zot:5    | Noticed an orb of fire
 95861 | Zot:5    | Killed an orb of fire
 95868 | Zot:5    | Reached skill level 10 in Evocations
 95894 | Zot:5    | Noticed an ancient lich
 95902 | Zot:5    | Killed an ancient lich
 95904 | Zot:5    | Noticed an ancient lich
 95907 | Zot:5    | Noticed an orb of fire
 95908 | Zot:5    | Killed an ancient lich
 95913 | Zot:5    | Noticed an orb of fire
 95919 | Zot:5    | Killed an orb of fire
 95921 | Zot:5    | Lost mutation: You are robust. (+10% HP) [an orb of fire]
 95922 | Zot:5    | Gained mutation: You are weak. (Str -2) [an orb of fire]
 95937 | Zot:5    | Gained mutation: You occasionally shout uncontrollably at
                  | your foes. [an orb of fire]
 95939 | Zot:5    | Killed an orb of fire
 95947 | Zot:5    | Noticed an orb of fire
 95947 | Zot:5    | Noticed an orb of fire
 95948 | Zot:5    | Gained mutation: You are partially covered in thin metallic
                  | scales. (AC +2) [an orb of fire]
 95949 | Zot:5    | Noticed an orb of fire
 95954 | Zot:5    | Killed an orb of fire
 95956 | Zot:5    | Noticed an orb of fire
 95968 | Zot:5    | HP: 14/352 [Orb Guardian (51)]
 95968 | Zot:5    | Demolished by an Orb Guardian

Levels and vault maps discovered:
D:1:      dpeg_arrival_radiant, layout_loops_ring
D:2:      layout_loops_cross
D:3:      minmay_inner_zag, layout_rooms, minmay_ruptured
D:4:      layout_basic, gammafunk_ghost_smash, first_ration
D:5:      layout_loops_ring, minmay_temple_entry_waves
D:6:      layout_loops_ring, minmay_manual_mares
D:7:      layout_loops_corners, enter_bailey_1, nemelex_lonely_heart_becter
D:8:      layout_rooms, ashenzari_altar_1, david_lair_shrubbed
D:9:      layout_cave_pods, david_orc_5, hangedman_fish_farm,
          grunt_gozag_breadcrumbs, uniq_prince_ribbit1, uniq_harold
D:10:     layout_basic, minmay_misc_feat_five, jiyva_altar_1
D:11:     layout_basic, sword_in_stone
D:12:     layout_cross, uniq_fannar
D:13:     layout_stronghold, hangedman_vaults_entry_quadrant_bands,
          enter_trove_2, nrook_mini_vaults
D:14:     layout_stronghold, nicolae_tso_carved_into_rock, st_stairs_10,
          nicolae_dithmenos_the_darkroom
D:15:     grunt_enter_depths_snipers, layout_small_grid,
          maelrawn_ghost_gauntlet_escape, wad_floor_pattern_untrapped
Temple:   nicolae_temple_the_god_donut
Lair:1:   layout_cave_pods, grunt_forest_stairs_basic, hibernation_bobbens
Lair:2:   layout_long_grid, nicolae_quartered_pool_little, beast_lair_carwin_1,
          serial_bayou_shore_b, grunt_megastairs_3
Lair:3:   layout_roguey [special_room_bee], swamp_mist_pool, uniq_snorg
Lair:4:   layout_long_grid, nicolae_spider_entry_non_spiders,
          nicolae_volcano_entry_s_turn, basic_altar
Lair:5:   layout_loops_ring, dpeg_slime_entry_enclosed_altar, special_room
          [special_room_mythical_zoo]
Lair:6:   minmay_lair_end_frog_pond, layout_regular_city, lemuel_fruit_fields,
          serial_bayou_shore_b
Swamp:1:  gammafunk_mikee_crab_dinner, layout_basic_swamp,
          hangedman_swamp_blocks
Swamp:2:  layout_falls_marsh, evilmike_swamp_ruin_house_2, swamp_pool2,
          nicolae_swamp_rocky_clearing
Swamp:3:  layout_basic_swamp, evilmike_swamp_ruin_house_1, uniq_louise,
          uniq_kirke
Swamp:4:  grunt_swamp_rune_castle, layout_basic_swamp, swamp_pool4,
          infiniplex_staircase_pool
Spider:1: gammafunk_the_bubble [the_bubble_gammafunk_plus_minus], uniq_jorgrun
Spider:2: layout_chambers, spiders_nest_spider_trap, uniq_azrael
Spider:3: layout_spider_delve, drop_trap, nicolae_spider_ant_collections,
          uniq_arachne, uniq_agnes
Spider:4: guppyfry_spider_rune, portal_ice_cave_entry_pillars_three,
          uniq_roxanne, uniq_nikola, uniq_asterion
Slime:1:  layout_caves
Slime:2:  layout_caves, uniq_dissolution
Slime:3:  layout_caves
Slime:4:  layout_caves, nicolae_slime_round_cave
Slime:5
Orc:1:    layout_diamond_mine, basic_altar, serial_shops, shop, shop,
          shop_statue, shop, minmay_orc_barracks, uniq_josephine
Orc:2:    st_orc_congregation, layout_caves, gauntlet_entry_generic,
          bh_open_orc_temple, uniq_donald, uniq_saint_roka
Elf:1:    layout_loops_ring, minmay_elf_demonology
Elf:2:    layout_gridlike, minmay_shop_grove
Elf:3:    elf_hall, layout_loops_cross, special_room [special_room_mythical_zoo]
Vaults:1: vaults_dpeg_diagonal, v_misc_3, hangedman_vaults_snaps,
          ontoclasm_vaults_ligature, vaults_mumra_hex,
          nicolae_vaults_quartermaster, vaults_room_corners,
          layout_vaults_chaotic_city
Vaults:2: nicolae_vaults_mini_display_case, nicolae_vaults_network_quinsquares
          [nicolae_vaults_network_quincunx_subvault,
          nicolae_vaults_network_quincunx_subvault,
          nicolae_vaults_network_quincunx_subvault,
          nicolae_vaults_network_quincunx_subvault],
          ontoclasm_vaults_loading_screen, hangedman_vaults_nails,
          grunt_vaults_hallway_short, vaults_room_door_hall,
          nicolae_vaults_little_squares_6, ontoclasm_vaults_chip,
          nicolae_vaults_little_squares_2, ontoclasm_vaults_shuriken,
          layout_vaults_quadrants, serial_shops, shop
Vaults:3: nicolae_vaults_network_star, nicolae_vaults_network_quincunx
          [nicolae_vaults_network_quincunx_subvault,
          nicolae_vaults_network_quincunx_subvault,
          nicolae_vaults_network_quincunx_subvault,
          nicolae_vaults_network_quincunx_subvault,
          nicolae_vaults_network_quincunx_subvault],
          minmay_crypt_entry_simple_corners, nicolae_vaults_triangles,
          nicolae_vaults_little_squares_4, vaults_room_semicircle,
          nicolae_vaults_theta, grunt_vaults_hallway_long,
          nicolae_vaults_network_square, nicolae_vaults_windows_and_doors_thing,
          nicolae_vaults_little_ls, grunt_vaults_hallway_short, v_misc_9,
          vaults_room_semicircle, vaults_dpeg_encased_lava,
          nicolae_vaults_statue_guard, layout_vaults_omnicross
Vaults:4: v_misc_26, nicolae_vaults_alarming, nicolae_vaults_little_squares_1,
          nicolae_vaults_specimen_jars, vaults_room_stairs_pillars,
          ontoclasm_vaults_chip, nicolae_vaults_circle_grid_b, v_alt_pattern_6,
          nicolae_vaults_three_branches, dpeg_vaults_monster_row,
          vaults_dpeg_ring, nicolae_vaults_theta, vaults_room_pools,
          special_room_vaults [special_room_orc], layout_vaults_omnibox
Vaults:5: uniq_bai_suzhen
Crypt:1:  layout_gridlike, st_small_mortuary, uniq_boris
Crypt:2:  layout_gridlike, serial_sigils_hangedman_leer, grunt_megastairs_2
Crypt:3:  cryptofortress_bobbens
Depths:1: layout_gridlike, enter_ziggurat_b, lemuel_statue_altar, hell_entry,
          serial_co_window_serial, co_window_corner_a,
          co_window_of_opportunity_a, co_window_corner_a, co_window_paths_b,
          co_window_paths_b, co_window_of_opportunity_b, co_window_2corner,
          co_window_of_opportunity_c, co_window_of_opportunity_c,
          glass_columns_b, glass_columns_c, glass_columns_c, glass_columns_c,
          drop_trap, uniq_mara
Depths:2: minmay_the_grid_four_pointed_star_mashed
          [minmay_the_grid_triangle_9x9_from_above,
          minmay_the_grid_triangle_9x9_longest,
          minmay_the_grid_triangle_9x9_warning,
          minmay_the_grid_triangle_9x9_cache,
          minmay_the_grid_prize_four_corners], layout_cave_pools,
          grunt_hell_horde, pan_entry, chequers_decorated_corner,
          ploomutoo_gammafunk_ghost_potion_laboratory,
          marbit_kobold_abyss_entry, serial_bayou_lagoon_a,
          minmay_staircase_bubble, serial_bayou_shore_b
Depths:3: hangedman_hanging_gardens, layout_gridlike, hangedman_geh_valley,
          pan_entry, corner_web_ring, infiniplex_staircase_zigzag_1
Depths:4: evilmike_library_of_no_secrets, layout_twisted_cross, hell_entry,
          abyss_entry_crystal, basic_altar
Depths:5: grunt_zot_entry_tricorne, layout_honeycomb, grunt_decor_cap,
          hellmouth_1, rand_demon_pan_entry_5
Zot:1:    layout_basic, hangedman_spider_trapstep
Zot:2:    gammafunk_its_a_trap, layout_misc_corridors
Zot:3:    layout_gridlike
Zot:4:    layout_basic, gammafunk_ghost_necromancy
Zot:5:    layout_concentric_octagons

Skill      XL: |  1  2  3  4  5  6  7  8  9 10 11 12 13 14 15 16 17 18 19 20 21 22 23 24 25 26 27 |
---------------+----------------------------------------------------------------------------------+-----
Transmutations | 3 4 5 6 7 9 10 | 10.0
Spellcasting   | 3 4 5 6 8 10 11 12 15 | 15.5
Ice Magic      | 1 |  1.1
Fighting       | 2 3 5 6 7 8 10 12 13 14 15 16 17 18 20 | 20.4
Unarmed Combat | 4 6 7 8 9 10 11 12 13 14 15 16 17 18 19 20 21 25 | 25.2
Dodging        | 3 6 8 9 10 11 12 15 | 15.2
Invocations    | 3 5 7 8 9 11 12 13 14 | 14.0
Necromancy     | 3 7 |  7.0
Armour         | 2 5 6 7 8 9 10 11 | 11.2
Earth Magic    | 2 5 8 10 11 13 14 15 16 17 18 19 | 19.8
Shields        | 1 2 |  2.4
Translocations | 3 7 9 11 12 13 15 16 17 18 | 18.0
Summonings     | 9 |  9.2
Evocations     | 10 | 10.5

Action                   |  1- 3 |  4- 6 |  7- 9 | 10-12 | 13-15 | 16-18 | 19-21 | 22-24 | 25-27 || total
-------------------------+-------+-------+-------+-------+-------+-------+-------+-------+-------++-------
Melee: Unarmed           |   101 |   222 |   337 |   399 |   632 |   867 |   863 |   883 |  2041 ||  6345
       Headbutt          |     9 |     5 |     2 |       |       |       |       |    48 |   226 ||   290
       Punch             |       |       |     2 |    20 |    47 |    78 |     3 |       |     9 ||   159
       Constrict         |       |       |       |       |   153 |   201 |   179 |   161 |   286 ||   980
       Staff             |       |       |       |       |     8 |    21 |       |       |       ||    29
 Fire: Shortbow          |       |       |       |    17 |     4 |       |       |       |       ||    21
Throw: Boomerang         |       |       |    17 |    10 |       |       |       |       |       ||    27
 Cast: Beastly Appendage |    24 |    13 |     3 |       |       |       |       |       |       ||    40
       Spider Form       |     5 |    38 |    34 |     5 |       |       |       |       |       ||    82
       Ice Form          |       |       |    24 |    18 |     4 |     4 |     1 |       |       ||    51
       Sticks to Snakes  |       |       |    31 |    40 |    18 |    13 |     9 |     8 |    23 ||   142
       Blade Hands       |       |       |     1 |    61 |   109 |    95 |     3 |       |    10 ||   279
       Regeneration      |       |       |       |     3 |     5 |     2 |     1 |       |    29 ||    40
       Animate Dead      |       |       |       |     3 |     1 |     7 |     8 |       |     3 ||    22
       Hydra Form        |       |       |       |       |    11 |     2 |       |       |       ||    13
       Lee's Rapid Decon |       |       |       |       |       |    54 |    26 |    25 |    44 ||   149
       Stone Arrow       |       |       |       |       |       |    43 |     9 |    18 |       ||    70
       Statue Form       |       |       |       |       |       |    44 |    99 |   104 |   208 ||   455
       Shroud of Golubri |       |       |       |       |       |       |     3 |     1 |     5 ||     9
       Apportation       |       |       |       |       |       |       |       |     9 |       ||     9
       Controlled Blink  |       |       |       |       |       |       |       |       |     7 ||     7
       Malign Gateway    |       |       |       |       |       |       |       |       |     3 ||     3
Invok: Bend Time         |       |       |       |     2 |       |     1 |       |       |       ||     3
       Slouch            |       |       |       |     7 |    24 |    25 |    21 |    23 |    34 ||   134
       Temporal Distorti |       |       |       |       |     4 |       |       |       |       ||     4
 Abil: Spit Poison       |       |     1 |       |       |       |       |       |       |       ||     1
       End Transformatio |       |       |     2 |     2 |     3 |     2 |       |       |       ||     9
Evoke: Wand              |       |       |     5 |     5 |     1 |     6 |     1 |     2 |     1 ||    21
  Use: Scroll            |       |    10 |     8 |    10 |    10 |     8 |     8 |    14 |    45 ||   113
       Potion            |       |       |     2 |     1 |     1 |     5 |       |     5 |    19 ||    33
 Stab: Sleeping          |       |     2 |     3 |       |       |     1 |     2 |       |       ||     8
       Distracted        |       |       |       |     2 |     3 |     7 |     4 |     2 |     3 ||    21
       Held in net/web   |       |       |       |       |       |     1 |       |       |       ||     1
  Eat: Chunk             |     2 |    14 |    10 |    24 |    22 |    26 |    28 |    37 |    21 ||   184
       Ration            |       |       |     4 |     3 |     3 |     7 |     7 |     3 |    12 ||    39
Armor: Robe              |    20 |    13 |       |     5 |     7 |       |       |       |       ||    45
       Skin              |     1 |    15 |    41 |    20 |    10 |   226 |   500 |   490 |   935 ||  2238
       Leather armour    |       |       |    30 |    66 |       |       |       |       |       ||    96
       Scale mail        |       |       |       |    17 |   191 |   322 |    24 |    26 |    65 ||   645
       Troll leather arm |       |       |       |       |     1 |       |       |       |       ||     1
Dodge: Dodged            |    67 |   174 |   283 |   419 |   783 |  1377 |  1214 |  1126 |  3448 ||  8891
Block: Buckler           |       |       |       |       |       |   156 |   630 |   614 |  1576 ||  2976
       Other             |       |       |       |       |       |    40 |       |       |     7 ||    47
       Reflection        |       |       |       |       |       |     1 |    29 |    50 |    57 ||   137
